 Dungeon Crawl Stone Soup version 0.19.4-9-g45fd643 (webtiles) character file.

29 Maelstr0m the Skirmisher (level 3, 30/30 HPs)
             Began as a Formicid Fighter on Feb 22, 2017.
             Quit the game on level 2 of the Dungeon.
             The game lasted 00:04:09 (956 turns).

Maelstr0m the Skirmisher (Formicid Fighter)          Turns: 956, Time: 00:04:11

Health: 30/30      AC:  7    Str: 21    XL:     3   Next: 32%
Magic:  3/3        EV:  8    Int:  7    God:
Gold:   9          SH:  9    Dex: 10    Spells: 0 memorised, 2 levels left

rFire  . . .     SeeInvis +     r - -1 whip (curse)
rCold  . . .     Gourm    .     b - +0 scale mail
rNeg   . . .     Faith    .     c - +0 shield
rPois  .         Spirit   .     (helmet unavailable)
rElec  .         Reflect  .     (no cloak)
rCorr  .         Harm     .     (no gloves)
MR     .....                    (no boots)
Stlth  ..........               (no amulet)
                                (no ring)
                                (no ring)

@: no status effects
A: permanent stasis, dig shafts and tunnels, four strong arms, antennae 3
a: Dig, Shaft Self


You were on level 2 of the Dungeon.
You were not hungry.

You visited 1 branch of the dungeon, and saw 2 of its levels.

You collected 9 gold pieces.

Inventory:

Hand Weapons
 a - a +1 war axe
 r - a cursed -1 whip (weapon)
Missiles
 e - 78 stones (quivered)
Armour
 b - a +0 scale mail (worn)
 c - a +0 shield (worn)
Scrolls
 j - a scroll of noise
Potions
 d - a potion of might
 i - a potion of resistance {unknown}
 k - a potion of flight
 m - a potion of brilliance {unknown}
Books
 q - a book of Cantrips

   Spells                             Type                      Level
   a - Confusing Touch                Hexes                        1
   b - Animate Skeleton               Necromancy                   1
   c - Summon Small Mammal            Summoning                    1
   d - Apportation                    Translocation                1
Comestibles
 f - a bread ration
 n - a slice of pizza


   Skills:
 + Level 3.7 Fighting
 * Level 2.5 Axes
 + Level 3.7 Armour
 + Level 3.7 Shields


You had 2 spell levels left.
You didn't know any spells.

Dungeon Overview and Level Annotations

Branches:
Dungeon (2/15)

Altars:
Nemelex Xobeh


Innate Abilities, Weirdness & Mutations

You are under a permanent stasis effect.
You can dig through walls and to a lower floor.
Your four strong arms can wield two-handed weapons with a shield.
You have a pair of large antennae on your head. (SInv)


Message History

You can't unwield your weapon to draw a new one!
As you read the scroll labeled TEAVOI CID HEA, it crumbles to dust.
You hear a loud clanging noise!
It was a scroll of noise.
You hear a shout!
As you read the scroll labeled XACAYDUPUTS, it crumbles to dust.
It is a scroll of enchant weapon.
Your +0 war axe glows red for a moment.
As you read the scroll labeled ROYGEU QAATARO, it crumbles to dust.
You feel aware of your surroundings.
You sensed 1 altar.
It was a scroll of magic mapping.
As you read the scroll labeled MET ROGAPRIJI, it crumbles to dust.
You feel a strange sense of stasis.
It was a scroll of teleportation.
As you read the scroll labeled PIYDES ANWYCU, it crumbles to dust.
It is a scroll of amnesia.
You feel forgetful for a moment.
As you read the scroll labeled PAIDGH GYDE, it crumbles to dust.
It is a scroll of identify.
k - a potion of flight Are you sure you want to abandon this character and quit the game? (Confirm with "yes".)

,,,,,,,,**,,,,,,,,,,* *,*
,,,,,,,,*##########,* *,*
,,,,,,,,*#........#,* *,*
,,,{,,,,*#....§§..#,* *,*
,,,,,,,,*#..≈.≈§§.#,* *,*
,,,,,,,,*#...⌠§≈§.#.# *,*
########*#..≈§⌠...#.#***,*
.......# #.§≈≈.≈..#.+,,*,*
.......# #..§...@.#.#*,*,*
.......# #........#.#*,#,*
...†...# ####''####.##.#.#
.......# #...............#
..<....# #..........##.#**
.......# #########.....#
##.##### #.##### #.# #.#
#.# #.#


There were no monsters in sight!

Vanquished Creatures
  An ooze (D:1)
  4 bats
  4 goblins
  7 hobgoblins (D:1)
  3 kobolds (D:1)
  A frilled lizard (D:2)
  2 rats
22 creatures vanquished.

Notes
Turn   | Place    | Note
-------+----------+-------------------------------------------
     0 | D:1      | Maelstr0m the Formicid Fighter began the quest for the Orb.
     0 | D:1      | Reached XP level 1. HP: 18/18 MP: 1/1
   235 | D:1      | Reached XP level 2. HP: 21/24 MP: 2/2
   420 | D:1      | Found a sparkling altar of Nemelex Xobeh.
   636 | D:1      | Reached XP level 3. HP: 30/30 MP: 3/3
   956 | D:2      | Quit the game

Action                   || total
-------------------------++-------
Melee: War axe           ||    93
  Use: Scroll            ||     6
Armor: Scale mail        ||    35
Dodge: Dodged            ||    40
Block: Shield            ||    54
